 Dungeon Crawl Stone Soup version 0.31.0-12-g77e489cdc1 (webtiles) character file.

Game seed: 1091926877263663676

30 MollyMolluskus the Shield-Bearer (level 3, -2/26 HPs)
             Began as an Octopode Fighter on Feb 13, 2024.
             Slain by a gnoll
             ... wielding a +0 spear
              (7 damage)
             ... on level 2 of the Dungeon.
             The game lasted 00:02:54 (1079 turns).

MollyMolluskus the Shield-Bearer (Octopode Fighter) Turns: 1079, Time: 00:02:55

Health: -2/26      AC:  1    Str: 17    XL:     3   Next: 20%
Magic:  3/3        EV: 13    Int: 10    God:
Gold:   104        SH:  4    Dex: 11    Spells: 2/2 levels left

rFire   . .          .
                       - Unarmed
rCold   . . .        a - +0 buckler
rNeg    . . .        (helmet restricted)
rPois   .            (no amulet)
rElec   .            (no ring)
rCorr   .            (no ring)
SInv    .            (no ring)
Will    .....        (no ring)
Stlth   +++          (no ring)
HPRegen 0.24/turn    (no ring)
MPRegen 0.08/turn    (no ring)
                     (no ring)

%: no passive effects
@: no status effects
A: almost no armour, amphibious, 8 rings, camouflage 1, gelatinous body 1,
(nimble swimmer 1), tentacles
a: no special abilities


You were on level 2 of the Dungeon.
You visited 1 branch of the dungeon, and saw 2 of its levels.

You collected 104 gold pieces.

Inventory:

Missiles
 c - 12 stones (quivered)
 f - 6 poisoned darts
Armour
 a - a +0 buckler (worn)
Scrolls
 e - a scroll of identify
Potions
 b - a potion of might


   Skills:
 + Level 3.1 Fighting
 + Level 3.2 Dodging
 + Level 1.5 Stealth
 + Level 3.2 Shields
 * Level 2.6 Unarmed Combat


You had 2 spell levels left.
You didn't know any spells.
Your spell library contained the following spells:

 Spells                   Type           Power      Damage    Failure   Level
 Tukima's Dance           Hex            0%         N/A       82%         3
 Dimensional Bullseye     Hex/Tloc       0%         N/A       99%         4
 Iskenderun's Mystic Bla  Conj/Tloc      0%         2d3       99%         4


Dungeon Overview and Level Annotations

Branches:
Dungeon (2/15)

Altars:


Innate Abilities, Weirdness & Mutations

You cannot wear most types of armour.
You are amphibious.
You can wear up to eight rings at the same time.
Your skin changes colour to match your surroundings (Stealth+).
Your rubbery body absorbs attacks. (AC +1, EV +1)
((You are camouflaged when in or above water. (Stealth+)))
You have tentacles for arms and can constrict up to eight enemies at once.


Message History

You constrict the hobgoblin.
You kill the hobgoblin!
The gnoll hits you from afar with a +0 spear.
The gnoll shouts!
You hear a shout!
The gnoll barely misses you.
You see here a hobgoblin corpse.
You tentacle-slap the gnoll. Your grab misses the gnoll.
The gnoll is lightly wounded.
The gnoll hits you with a +0 spear!
The gnoll hits you from afar with a +0 spear.
You tentacle-slap the gnoll. Your grab misses the gnoll.
The gnoll is moderately wounded.
The gnoll barely misses you. The gnoll completely misses you.
You barely miss the gnoll. You grab the gnoll.
The gnoll is moderately wounded.
You constrict the gnoll, but do no damage.
The gnoll hits you with a +0 spear!
* * * LOW HITPOINT WARNING * * *
You block the gnoll's attack. The gnoll barely misses you.
The gnoll misses you.
You feel much better.
You constrict the gnoll.
The gnoll hits you from afar with a +0 spear.
The gnoll barely misses you.
You tentacle-slap the gnoll.
The gnoll is heavily wounded.
You constrict the gnoll.
A gnoll comes into view. It is wielding a +0 spear.
The gnoll closely misses you.
The gnoll hits you from afar with a +0 spear.
The gnoll shouts!
You tentacle-slap the gnoll but do no damage.
The gnoll is heavily wounded.
You constrict the gnoll. The gnoll hits you with a +0 spear.
The gnoll closely misses you.
You tentacle-slap the gnoll but do no damage.
The gnoll is severely wounded.
You constrict the gnoll. The gnoll hits you with a +0 spear!
* * * LOW HITPOINT WARNING * * *
The gnoll hits you from afar with a +0 spear!
You die...

......#.##########.g....
######...............#
#.##########g..# #.#
#..(g..!# #.# #g###...#
#.# #g# ##### #.# #g#
##.######g# #.......@.#
##.######## ###


You could see 4 gnolls.

Vanquished Creatures
  2 bats (D:1)
  An endoplasm (D:1)
  2 giant cockroaches (D:1)
  3 goblins
  3 hobgoblins
  7 kobolds
  A quokka (D:1)
  3 ball pythons
  3 frilled lizards (D:1)
  3 rats (D:1)
28 creatures vanquished.

Notes
Turn   | Place    | Note
-------+----------+-------------------------------------------
     0 | D:1      | MollyMolluskus the Octopode Fighter began the quest for the
                  | Orb.
     0 | D:1      | Reached XP level 1. HP: 16/16 MP: 1/1
   116 | D:1      | Reached XP level 2. HP: 15/21 MP: 2/2
   152 | D:1      | Found a faded altar of an unknown god.
   249 | D:1      | Reached skill level 1 in Stealth
   515 | D:1      | Reached XP level 3. HP: 23/26 MP: 3/3
  1075 | D:2      | HP: 1/26 [gnoll/+0 spear (8)]
  1079 | D:2      | Slain by a gnoll

Illustrated notes

Levels and vault maps discovered:
D:1:      sevenhm_arrival_forest_fort_small_3, layout_basic,
          hellmonk_ecumenical_altar_arch_garden
D:2:      layout_loops_ring, minmay_between, uniq_terence

Skill      XL: |  1  2 |
---------------+-------+-----
Stealth        | 1 |  1.5
Fighting       | |  3.1
Dodging        | |  3.2
Shields        | |  3.2
Unarmed Combat | |  2.6

Action                     || total
---------------------------++-------
  Melee: Unarmed           ||    58
         Constrict         ||    17
         Tentacles         ||    11
    Use: Scroll            ||     2
         Potion            ||     1
   Stab: Sleeping          ||     7
 Armour: Skin              ||    30
  Dodge: Dodged            ||    36
  Block: Buckler           ||    12
